 Dungeon Crawl Stone Soup version 0.28.0 (webtiles) character file.

Game seed: 16136275116539255866

3006 browni3141 the Cleaver (level 9, -9/81 HPs)
             Began as a Minotaur Berserker on Feb 17, 2022.
             Was an Elder of Trog.
             Mangled by a boulder beetle (14 damage)
             ... on level 7 of the Dungeon.
             The game lasted 00:03:20 (5942 turns).

browni3141 the Cleaver (Minotaur Berserker)         Turns: 5942, Time: 00:03:20

Health: -9/81      AC: 10    Str: 26    XL:     9   Next: 54%
Magic:  17/17      EV: 11    Int:  4    God:    Trog [****..]
Gold:   297        SH:  5    Dex: 10    Spells: 8/8 levels left

rFire   . . .      SeeInvis .   D - +0 war axe
rCold   . . .      Faith    .   l - +0 buckler
rNeg    . . .      Spirit   .   s - +2 ring mail of the Other World {*Slow Regen+ Stlth+}
rPois   .          Reflect  .   (helmet restricted)
rElec   .          Harm     .   q - +0 cloak
rCorr   .          Rampage  .   (no gloves)
Will    .....                   (no boots)
Stlth   +.........              (no amulet)
HPRegen 1.03/turn               W - ring of magical power
MPRegen 0.15/turn               (no ring)

@: on berserk cooldown, slowed, invisible, very slow
A: horns 2, retaliatory headbutt
a: Renounce Religion, Berserk, Trog's Hand, Brothers in Arms


You were on level 7 of the Dungeon.
You worshipped Trog.
Trog was greatly pleased with you.
You visited 2 branches of the dungeon, and saw 8 of its levels.
You also visited: Sewer.

You collected 297 gold pieces.


Innate Abilities, Weirdness & Mutations

You have a pair of horns on your head.
You reflexively headbutt those who attack you in melee.


   Skills:
 + Level 8.1 Fighting
 * Level 10.9 Axes
 + Level 7.7 Armour
 - Level 2.1 Dodging
 + Level 6.3 Shields


You had 8 spell levels left.
You didn't know any spells.
Your spell library was empty.

Inventory:

Hand Weapons
 a - a +0 hand axe
 D - a +0 war axe (weapon)
Armour
 b - a +0 animal skin
 l - a +0 buckler (worn)
 q - a +0 cloak (worn)
 s - the +2 ring mail of the Other World (worn) {*Slow Regen+ Stlth+}
   (You found it on level 5 of the Dungeon)

   Regen:     It increases your rate of health regeneration.
   *Slow:     It may slow you when you take damage.
   Stlth:     It makes you more stealthy.
 x - a +0 plate armour
Jewellery
 g - an amulet of regeneration
 C - a ring of ice
 W - a ring of magical power (left hand)
Wands
 p - a wand of flame (19)
 t - a wand of polymorph (10)
Scrolls
 c - 5 scrolls of teleportation {unknown}
 f - 4 scrolls of identify {unknown}
 h - 2 scrolls of torment {unknown}
 i - a scroll of acquirement {unknown}
 j - a scroll of brand weapon {unknown}
 n - 2 scrolls of amnesia {unknown}
 o - a scroll of vulnerability {unknown}
 r - 2 scrolls of fog {unknown}
 w - a scroll of enchant weapon {unknown}
 y - a scroll of magic mapping {unknown}
 E - a scroll of immolation {unknown}
Potions
 d - 3 potions of cancellation {unknown}
 e - 2 potions of degeneration {unknown}
 k - 3 potions of brilliance {unknown}
 u - 2 potions of curing {unknown}
 v - a potion of flight {unknown}
 z - a potion of haste {unknown}
 A - a potion of lignification {unknown}
 B - a potion of mutation {unknown}

Dungeon Overview and Level Annotations

Branches:
Dungeon (7/15)             Temple (1/1) D:4           Sewer (visited)

Altars:
Ashenzari
Dithmenos
Elyvilon
Hepliaklqana
Kikubaaqudgha
Makhleb
Nemelex Xobeh
Qazlal
Sif Muna
The Shining One

.# #.#
.. #.#
.# #.#
#
..#.#.#
.#.#.
... #B#
#@# #.#
#.###
#...#
###.#
#.# #.#
#.# #.#
#.#.
#.#


You could see a boulder beetle.


Message History

You hit the boulder beetle but do no damage.
The boulder beetle is heavily wounded.
The boulder beetle bites you!
You slash the boulder beetle! You headbutt the boulder beetle.
The boulder beetle is heavily wounded.
You are no longer berserk.
You are exhausted.
You feel yourself slow down. The boulder beetle bites you.
You hit the boulder beetle.
Your headbutt misses the boulder beetle.
The boulder beetle is heavily wounded.
You block the boulder beetle's attack.
You barely miss the boulder beetle.
The boulder beetle is heavily wounded.
The boulder beetle bites you! x2
You slash the boulder beetle!
The boulder beetle is severely wounded.
The boulder beetle bites you!
* * * LOW HITPOINT WARNING * * *
The boulder beetle bites you!
* * * LOW HITPOINT WARNING * * *
You hit the boulder beetle.
Your headbutt misses the boulder beetle.
The boulder beetle is severely wounded.
The boulder beetle bites you!!
* * * LOW HITPOINT WARNING * * *
Unknown command.
You fade into invisibility!
The boulder beetle bites you!
You die...

Skill      XL: |  1  2  3  4  5  6  7  8  9 |
---------------+----------------------------+-----
Axes           | 4 5 6 7 8 9 10 | 10.9
Fighting       | 4 5 6 7 8 |  8.1
Armour         | 3 4 5 6 7 |  7.7
Shields        | 1 2 3 5 6 |  6.3
Dodging        | |  2.1

Action                   |  1- 3 |  4- 6 |  7- 9 || total
-------------------------+-------+-------+-------++-------
Melee: Hand axe          |    35 |       |       ||    35
       Headbutt          |    15 |     8 |    33 ||    56
       War axe           |    43 |    55 |   205 ||   303
       Punch             |     1 |     1 |       ||     2
Invok: Berserk           |       |     3 |     6 ||     9
  Use: Potion            |       |       |     1 ||     1
 Stab: Sleeping          |     1 |     1 |     1 ||     3
Armor: Animal skin       |    10 |     6 |     9 ||    25
       Ring mail         |       |       |    53 ||    53
       Plate armour      |       |       |     5 ||     5
Dodge: Dodged            |    41 |    47 |    98 ||   186
Block: Buckler           |       |     5 |    36 ||    41

Levels and vault maps discovered:
D:1:      dpeg_arrival_radiant, layout_rooms,
          shapermc_ecumenical_altar_hornbeckon, minmay_misc_feat_secret_circle
D:2:      layout_basic, grunt_ministairs_10
D:3:      layout_rooms, cheibrodos_sewer_entry_drain
D:4:      black_bear_nest_2, layout_gridville,
          gammafunk_temple_overflow_elements,
          minmay_temple_entry_statues_fountains, uniq_sigmund, uniq_robin
D:5:      layout_basic, general_overflow_altar, mainiacjoe_overflow_alcove_4,
          uniq_prince_ribbit1
D:6:      layout_rooms, mainiacjoe_overflow_alcove_2,
          nicolae_elyvilon_peaceful_grove
D:7:      layout_basic, grunt_qazlal_clouds, serial_shops, nicolae_shop_trees
Temple:   compressed_dpeg_circular_temple

Notes
Turn   | Place    | Note
-------+----------+-------------------------------------------
     0 | D:1      | browni3141 the Minotaur Berserker began the quest for the
                  | Orb.
     0 | D:1      | Reached XP level 1. HP: 19/19 MP: 0/0
   141 | D:1      | Reached skill level 4 in Axes
   143 | D:1      | Reached XP level 2. HP: 26/27 MP: 1/1
   411 | D:1      | Reached skill level 4 in Fighting
   450 | D:1      | Reached skill level 3 in Armour
   590 | D:1      | Reached XP level 3. HP: 33/33 MP: 2/2
   718 | D:1      | Found a faded altar of an unknown god.
   816 | D:1      | Reached ** piety under Trog
  1763 | D:3      | Found a glowing drain.
  1780 | Sewer    | Entered a sewer
  1817 | Sewer    | Reached skill level 5 in Axes
  1817 | Sewer    | Reached XP level 4. HP: 38/40 MP: 3/3
  2047 | Sewer    | Noticed Pargi
  2055 | Sewer    | Killed Pargi
  2056 | Sewer    | Reached skill level 4 in Armour
  2056 | Sewer    | Reached XP level 5. HP: 46/47 MP: 4/4
  2481 | D:3      | Reached skill level 6 in Axes
  2597 | D:4      | Reached skill level 5 in Fighting
  2597 | D:4      | Reached skill level 1 in Shields
  2597 | D:4      | Reached XP level 6. HP: 56/56 MP: 5/5
  2771 | D:4      | Identified a +1 robe of the Archmagi
  2771 | D:4      | Noticed Sigmund
  2776 | D:4      | Killed Sigmund
  2777 | D:4      | Reached skill level 2 in Shields
  3037 | D:4      | Reached skill level 7 in Axes
  3045 | D:4      | Found a staircase to the Ecumenical Temple.
  3187 | D:4      | Reached skill level 5 in Armour
  3187 | D:4      | Reached XP level 7. HP: 49/61 MP: 6/6
  3331 | D:4      | Noticed Robin
  3345 | D:4      | Killed Robin
  3348 | D:4      | Reached *** piety under Trog
  3679 | D:4      | Reached skill level 3 in Shields
  3861 | D:4      | Found a burning altar of Makhleb.
  3861 | D:4      | Found an ancient bone altar of Kikubaaqudgha.
  4115 | Temple   | Entered the Ecumenical Temple
  4173 | D:5      | Entered Level 5 of the Dungeon
  4178 | D:5      | Found a hazy altar of Hepliaklqana.
  4186 | D:5      | Reached skill level 6 in Fighting
  4192 | D:5      | Reached skill level 8 in Axes
  4439 | D:5      | Identified the +2 ring mail of the Other World {*Slow
                  | Regen+ Stlth+}
  4469 | D:5      | Reached XP level 8. HP: 70/70 MP: 7/7
  4580 | D:5      | Found the +12 glaive of Prune {vorpal}
  4610 | D:5      | Noticed Prince Ribbit
  4618 | D:5      | Killed Prince Ribbit
  4619 | D:5      | Reached skill level 6 in Armour
  4619 | D:5      | Reached skill level 4 in Shields
  4665 | D:5      | Found a shimmering blue altar of Sif Muna.
  4783 | D:5      | Reached skill level 9 in Axes
  4923 | D:6      | Reached skill level 7 in Fighting
  4934 | D:6      | Reached skill level 5 in Shields
  5271 | D:6      | Reached **** piety under Trog
  5272 | D:6      | Found a white marble altar of Elyvilon.
  5278 | D:6      | Reached XP level 9. HP: 79/79 MP: 8/8
  5280 | D:6      | Reached skill level 10 in Axes
  5280 | D:6      | Reached skill level 7 in Armour
  5425 | D:6      | Found a broken altar of Ashenzari.
  5689 | D:7      | Found a stormy altar of Qazlal.
  5804 | D:7      | Reached skill level 6 in Shields
  5922 | D:7      | Noticed a deep elf pyromancer
  5928 | D:7      | Killed a deep elf pyromancer
  5928 | D:7      | Noticed a boulder beetle
  5929 | D:7      | Reached skill level 8 in Fighting
  5941 | D:7      | HP: 4/81 [boulder beetle (22)]
  5942 | D:7      | Mangled by a boulder beetle

Vanquished Creatures
  A deep elf pyromancer (D:7)
  Prince Ribbit (D:5)
  Sigmund (D:4)
  Pargi (Sewer)
  An ice beast (D:7)
  2 sky beasts
  A necrophage (D:6)
  2 ogres
  2 black bears
  A phantom (D:5)
  2 centaurs (D:6)
  A bullfrog (D:7)
  3 scorpions
  A water moccasin skeleton (D:6)
  4 wights (D:6)
  A howler monkey (D:7)
  4 hounds
  A jelly (D:7)
  8 orc priests
  3 centaur skeletons
  An iguana (D:4)
  An orc wizard (D:7)
  A hound skeleton (D:4)
  Robin (D:4)
  7 adders
  A shadow imp (D:7)
  A white imp (D:5)
  An adder skeleton (D:4)
  3 dart slugs
  13 orcs
  5 ball pythons
  5 endoplasms
  4 giant cockroaches
  11 goblins
  12 hobgoblins
  7 jackals
  12 kobolds
  7 quokkas
  3 bats
  3 frilled lizards
  5 rats
145 creatures vanquished.

Vanquished Creatures (others)
  2 bushes (D:6)
  A butterfly (D:6)
  6 fungi (D:5)
9 creatures vanquished.

Grand Total: 154 creatures vanquished

Table legend: (Time is in decaauts)
 A = Elapsed time spent in this place.
 B = Non-inter-level travel time spent in this place.
 C = Inter-level travel time spent in this place.
 D = Time resting spent in this place.
 E = Time spent auto-exploring this place.
 F = Levels seen in this place.
 G = Mean time per level.
                   A        B        C        D        E       F      G
               +--------+--------+--------+--------+--------+-----+--------+
         Total |   6059 |   5892 |    167 |    730 |   4157 |   9 |  673.2 |
       Dungeon |   5641 |   5481 |    160 |    624 |   3907 |   7 |  805.9 |
        Temple |     19 |     12 |      7 |      0 |      8 |   1 |   19.0 |
         Sewer |    398 |    398 |      0 |    105 |    242 |   1 |  398.0 |
               +--------+--------+--------+--------+--------+-----+--------+

Top non-repeatable levels by time:
     D:4: 1644 daAuts
     D:1: 879 daAuts
     D:2: 862 daAuts
     D:6: 715 daAuts
     D:5: 662 daAuts
     D:3: 451 daAuts
     D:7: 425 daAuts
   Sewer: 398 daAuts
  Temple: 19 daAuts

Table legend:
 A = Non-vault XP
 B = Vault XP
 C = Vault XP percentage of total XP
 D = Non-vault monster count
 E = Vault monster count
 F = Vault count percentage of total count
                 A         B        C        D         E       F
            +---------+---------+-------+---------+---------+-------
      Total |    3474 |     821 |  19.1 |     118 |      27 |  18.6
            +---------+---------+-------+---------+---------+-------
        D:1 |      43 |       0 |   0.0 |      23 |       0 |   0.0
        D:2 |      28 |       4 |  12.5 |      14 |       2 |  12.5
        D:3 |      60 |       5 |   7.7 |       6 |       3 |  33.3
        D:4 |     422 |     386 |  47.8 |      24 |      14 |  36.8
        D:5 |     676 |     255 |  27.4 |      20 |       1 |   4.8
        D:6 |    1014 |       0 |   0.0 |      17 |       0 |   0.0
        D:7 |    1231 |       0 |   0.0 |      14 |       0 |   0.0
      Sewer |       0 |     171 | 100.0 |       0 |       7 | 100.0
            +---------+---------+-------+---------+---------+-------
